 Dungeon Crawl Stone Soup version 0.29-a0-218-gf2abdc9806 (webtiles) character file.

Game seed: 10603905026543518585

12476 Aksej the Marksspriggan (level 11, -1/54 HPs)
             Began as a Spriggan Hunter on Feb 25, 2022.
             Was a Believer of Hepliaklqana.
             Killed from afar by a white draconian (5 damage)
             ... with a blast of cold
             ... in an ice cave.
             The game lasted 00:36:40 (10493 turns).

Aksej the Marksspriggan (Spriggan Hunter)          Turns: 10493, Time: 00:36:40

Health: -1/54      AC:  5    Str:  8    XL:     11   Next: 63%
Magic:  12/12      EV: 29    Int: 14    God:    Hepliaklqana [**....]
Gold:   523        SH:  5    Dex: 25    Spells: 10/10 levels left

rFire   . . .      SeeInvis +   a - +4 shortbow (venom)
rCold   + . .      Faith    .   (shield currently unavailable)
rNeg    . . .      Spirit   .   w - +1 robe {rC+}
rPois   .          Reflect  +   (helmet restricted)
rElec   .          Harm     .   (no cloak)
rCorr   .          Rampage  .   (gloves unavailable)
Will    +++..                   (boots unavailable)
Stlth   +++.......              c - amulet of reflection
HPRegen 0.18/turn               f - +6 ring of dexterity
MPRegen 0.13/turn               (no ring)

@: very quick
A: reduced essence, very small, no large weapons, unfitting armour, see
invisible, speed 3, iridescent scales 1, strong-willed 2
a: Renounce Religion, Recall Ancestor, Ancestor Identity


You were in an ice cave.
You worshipped Hepliaklqana.
Hepliaklqana was pleased with you.
You visited 2 branches of the dungeon, and saw 13 of its levels.
You also visited: Sewer and Ice Cave.

You collected 957 gold pieces.
You spent 434 gold pieces at shops.

Inventory:

Hand Weapons
 a - a +4 shortbow of venom (weapon)
 b - a +1 shortbow of flaming
 n - the +12 war axe of the Lusting Scavenger {elec, Str+3 Dex+3}
   (You found it on level 10 of the Dungeon)

   It occasionally discharges a powerful burst of electricity upon striking a
   foe.
   Str:       It affects your strength (+3).
   Dex:       It affects your dexterity (+3).
Missiles
 g - a throwing net
Armour
 w - a +1 robe of cold resistance (worn)
Jewellery
 c - an amulet of reflection (around neck)
 f - a +6 ring of dexterity (left hand)
 o - an amulet of guardian spirit
 x - an amulet of magic regeneration
 y - a ring of flight
 F - the amulet of Etuf {Reflect rPois Str+7 Dex-5 SH+5}
   (You found it on level 11 of the Dungeon)

   [amulet of reflection]

   It reflects blocked missile attacks.
   Str:       It affects your strength (+7).
   Dex:       It affects your dexterity (-5).
   rPois:     It protects you from poison.
   SH:        It affects your SH (+5).
Wands
 r - a wand of acid (5)
 u - a wand of iceblast (13)
 v - a wand of polymorph (12)
 A - a wand of flame (13)
Scrolls
 d - a scroll of torment
 i - 4 scrolls of blinking
 p - 4 scrolls of teleportation
 s - 2 scrolls of fear
 B - 2 scrolls of holy word
 C - a scroll of enchant weapon
 G - 3 scrolls of identify
Potions
 e - 3 potions of brilliance
 h - 6 potions of curing
 j - 3 potions of magic
 l - 3 potions of mutation
 m - 2 potions of might
 q - 3 potions of lignification
 z - a potion of flight
 D - a potion of berserk rage
 E - 2 potions of cancellation


   Skills:
 * Level 8.5 Fighting
 - Level 16.0 Bows
 * Level 11.5 Dodging
 + Level 4.3 Stealth
 + Level 1.0 Shields


You had 10 spell levels left.
You didn't know any spells.
Your spell library contained the following spells:

 Spells                   Type           Power      Damage    Failure   Level
 Pain                     Necr           0%         1d4       28%         1
 Confusing Touch          Hex            0%         N/A       65%         3
 Gell's Gravitas          Tloc           0%         N/A       65%         3
 Stone Arrow              Conj/Erth      0%         3d7       65%         3
 Teleport Other           Tloc           0%         N/A       65%         3
 Animate Armour           Summ/Erth      0%         N/A       96%         4
 Hailstorm                Conj/Ice       0%         3d3       96%         4
 Ice Form                 Ice/Tmut       0%         N/A       96%         4
 Agony                    Necr           0%         N/A       100%        5
 Excruciating Wounds      Necr           0%         N/A       100%        5
 Yara's Violent Unravell  Hex/Tmut       0%         3d3       100%        5
 Dispersal                Tloc           0%         N/A       100%        6
 Simulacrum               Ice/Necr       0%         N/A       100%        6
 Enfeeble                 Hex            0%         N/A       100%        7
 Lehudib's Crystal Spear  Conj/Erth      0%         10d2      100%        8


Dungeon Overview and Level Annotations

Branches:
Dungeon (12/15)            Temple (1/1) D:7            Lair (0/6) D:11
    Orc (0/2) D:12          Sewer (visited)           IceCv (1/1)

Altars:
Ashenzari
Cheibriados
Dithmenos
Elyvilon
Fedhas
Gozag
Hepliaklqana
Kikubaaqudgha
Makhleb
Nemelex Xobeh
Okawaru
Qazlal
Ru
Sif Muna
Trog
Uskayaw
Vehumet
Wu Jian
Xom
Yredelemnul
Zin
The Shining One

Shops:
D:3 *   D:4 :   D:6 (   D:8 *   D:10 (   D:11 *


Innate Abilities, Weirdness & Mutations

Your life essence is reduced to manifest your ancestor. (-10% HP)
You are very small and have problems with some larger weapons.
You are too small for most types of armour.
You have supernaturally acute eyesight. (SInv)
You cover ground extremely quickly. (Speed+++)
You are partially covered in iridescent scales. (AC +2)
You are highly strong-willed. (Will++)


Message History

Ispui gestures at the white draconian while chanting.
The puff of frost hits the white draconian.
The white draconian resists.
Shoot: a) +4 shortbow (venom)
Press: ? - help, Q - select action, (/) - cycle Shift-Dir - straight line, f/p - white draconian
Aim: a white draconian, wielding a +0 hand axe (severely wounded, extremely poisoned, ally target, 76% to hit)
You shoot an arrow. The arrow hits the white draconian.
The white draconian is severely wounded.
The white draconian breathes frost at you.
The blast of cold hits you! You resist.
* * * LOW HITPOINT WARNING * * *
The acid dragon simulacrum bites Ispui!
The acid dragon simulacrum freezes Ispui.
Ispui resists.
The acid dragon simulacrum barely misses Ispui.
Ispui hits the acid dragon simulacrum with a +0 quarterstaff!
The white draconian hits Ispui with a +0 hand axe.
Ispui is destroyed!
A white draconian is nearby!
Shoot: a) +4 shortbow (venom)
Press: ? - help, Q - select action, (/) - cycle Shift-Dir - straight line, f/p - white draconian
Aim: a white draconian, wielding a +0 hand axe (severely wounded, very poisoned, 76% to hit)
You shoot an arrow. The arrow hits the white draconian!
The white draconian looks as sick as possible!
The white draconian is almost dead.
Shoot: a) +4 shortbow (venom)
Press: ? - help, Q - select action, (/) - cycle Shift-Dir - straight line, f/p - white draconian
Aim: a white draconian, wielding a +0 hand axe (almost dead, extremely poisoned, 76% to hit)
You shoot an arrow.
The arrow closely misses the white draconian.
Shoot: a) +4 shortbow (venom)
Press: ? - help, Q - select action, (/) - cycle Shift-Dir - straight line, f/p - white draconian
Aim: a white draconian, wielding a +0 hand axe (almost dead, extremely poisoned, 76% to hit)
You shoot an arrow.
The arrow hits the white draconian but does no damage.
The white draconian looks as sick as possible!
The white draconian is almost dead.
The white draconian breathes frost at you.
The blast of cold hits you. You resist.
You die...

...#Z.....## . ##.##...#
###..##### #.##Z..# #....#.##
##.###.d## ### ##..####
##....#### ##.@....###
######...## ###..## ###### ###
##..### #....######.##
###....### .#.#...#.#.R.###
###........##
#.####.R#..#.R.####...........##
### ###.#####..#..............##
### ###................#


You could see a white draconian (extremely poisoned, catching breath) and an
acid dragon simulacrum.

Vanquished Creatures
  4 two-headed ogres
  A deep elf pyromancer (D:12)
  2 ice statues (IceCv)
  3 rime drakes (IceCv)
  A hornet (D:9)
  A shadow (D:9)
  3 yaks (D:9)
  A spriggan (shapeshifter) (D:10)
  Grum (D:8)
  A basilisk (D:11)
  A steam dragon (D:7)
  An acid dragon (D:4)
  3 water moccasins
  2 ice beasts
  6 orc warriors
  2 black bears (D:7)
  A necrophage (D:4)
  2 wolves (D:8)
  4 centaurs
  4 ogres
  3 phantoms
  2 gnoll sergeants (D:8)
  4 kobold brigands
  3 bullfrogs
  An earth elemental (D:11)
  2 scorpions
  6 killer bees (D:10)
  2 lindwurm simulacra (IceCv)
  11 wights
  6 howler monkeys
  6 hounds
  4 komodo dragon simulacra (IceCv)
  A jelly (D:8)
  5 orc priests
  2 iguanas
  9 orc wizards
  11 gnolls
  2 acid dragon simulacra (IceCv)
  7 adders
  6 river rats (Sewer)
  2 shadow imps
  A white imp (D:6)
  An ufetubus (D:4)
  8 steam dragon simulacra (IceCv)
  5 worms
  A dart slug (D:3)
  30 orcs
  9 endoplasms
  4 giant cockroaches
  5 goblins
  7 hobgoblins
  6 jackals
  34 kobolds
  A quokka (D:5)
  7 ball pythons
  8 bats
  7 frilled lizards
  22 rats
295 creatures vanquished.

Vanquished Creatures (collateral kills)
  An ugly thing (D:11)
  An unseen horror (D:12)
  A rime drake (IceCv)
  2 slime creatures
  A lindwurm simulacrum (IceCv)
  A howler monkey (D:10)
  A komodo dragon simulacrum (IceCv)
  An acid dragon simulacrum (IceCv)
  A gnoll (D:8)
  A steam dragon simulacrum (IceCv)
  A kobold (D:11)
12 creatures vanquished.

Vanquished Creatures (others)
  An ancestor (D:8)
  3 battlemagi (IceCv)
4 creatures vanquished.

Grand Total: 311 creatures vanquished

Notes
Turn   | Place    | Note
-------+----------+-------------------------------------------
     0 | D:1      | Aksej the Spriggan Hunter began the quest for the Orb.
     0 | D:1      | Reached XP level 1. HP: 10/10 MP: 2/2
   232 | D:1      | Reached skill level 5 in Bows
   328 | D:1      | Reached XP level 2. HP: 15/15 MP: 3/3
   614 | D:1      | Found a faded altar of an unknown god.
   967 | D:2      | Found a bloodstained altar of Trog.
  1008 | D:2      | Reached XP level 3. HP: 13/18 MP: 4/4
  1719 | D:3      | Reached skill level 6 in Bows
  1860 | D:3      | Found Bocw's Assorted Antiques.
  1871 | D:3      | Bought a scroll labelled AGGUCA KEMMIQI for 22 gold pieces
  1871 | D:3      | Bought a lumpy golden potion for 19 gold pieces
  2001 | D:3      | Reached XP level 4. HP: 23/23 MP: 5/5
  2342 | D:4      | Found Ryteaf's Book Emporium.
  2374 | D:4      | Reached XP level 5. HP: 26/26 MP: 6/6
  2382 | D:4      | Found a glowing drain.
  2391 | Sewer    | Entered a sewer
  2635 | Sewer    | Reached skill level 7 in Bows
  2797 | Sewer    | Reached XP level 6. HP: 29/32 MP: 7/7
  2799 | Sewer    | Reached skill level 5 in Dodging
  3104 | Sewer    | Gained mutation: You are partially covered in iridescent
                  | scales. (AC +2) [potion of mutation]
  3104 | Sewer    | Gained mutation: You are strong-willed. (Will+) [potion of
                  | mutation]
  3104 | Sewer    | Gained mutation: You are highly strong-willed. (Will++)
                  | [potion of mutation]
  3257 | D:4      | Noticed an acid dragon
  3262 | D:4      | Killed an acid dragon
  3263 | D:4      | Reached skill level 8 in Bows
  3263 | D:4      | Reached XP level 7. HP: 35/35 MP: 8/8
  3367 | D:4      | Reached skill level 9 in Bows
  3542 | D:5      | Entered Level 5 of the Dungeon
  3725 | D:5      | Reached skill level 10 in Bows
  3725 | D:5      | Reached XP level 8. HP: 40/40 MP: 9/9
  4047 | D:6      | Reached skill level 11 in Bows
  4355 | D:6      | Found Cotyrre's Weapon Shop.
  4846 | D:6      | Reached skill level 12 in Bows
  4846 | D:6      | Reached XP level 9. HP: 45/45 MP: 10/10
  5072 | D:7      | Found a staircase to the Ecumenical Temple.
  5077 | Temple   | Entered the Ecumenical Temple
  5378 | Temple   | Became a worshipper of Hepliaklqana the Forgotten
  5552 | D:7      | Noticed a two-headed ogre
  5570 | D:7      | Killed a two-headed ogre
  5571 | D:7      | Reached skill level 13 in Bows
  5764 | D:7      | Reached skill level 14 in Bows
  5810 | D:7      | Found a broken altar of Ashenzari.
  6206 | D:7      | Reached XP level 10. HP: 51/51 MP: 11/11
  6342 | D:8      | Reached skill level 5 in Fighting
  6477 | D:8      | Reached * piety under Hepliaklqana
  6497 | D:8      | Noticed Grum
  6522 | D:8      | Killed Grum
  6556 | D:8      | Found Xothrer's Assorted Antiques.
  6564 | D:8      | Bought a scroll labelled PATUZX IRROO for 24 gold pieces
  6564 | D:8      | Bought a scroll of identify for 48 gold pieces
  6564 | D:8      | Bought a scroll of enchant weapon for 180 gold pieces
  6564 | D:8      | Bought a pink potion for 21 gold pieces
  6564 | D:8      | Bought a potion of heal wounds for 120 gold pieces
  6590 | D:8      | You fall into a shaft and drop 3 floors!
  6621 | D:10     | Entered Level 10 of the Dungeon
  6726 | D:9      | Reached skill level 15 in Bows
  7239 | D:9      | Noticed a two-headed ogre
  7252 | D:9      | Killed a two-headed ogre
  7631 | D:9      | Reached skill level 10 in Dodging
  8288 | D:10     | Reached ** piety under Hepliaklqana
  8290 | D:10     | Remembered your ancestor Ispui as a battlemage
  8320 | D:10     | Reached skill level 16 in Bows
  8475 | D:10     | Noticed a two-headed ogre
  8484 | D:10     | Killed a two-headed ogre
  8485 | D:10     | Reached XP level 11. HP: 50/50 MP: 12/12
  8493 | D:10     | Found Rycigg's Antique Weapon Emporium.
  8575 | D:10     | Identified the +12 war axe of the Lusting Scavenger {elec,
                  | Str+3 Dex+3}
  9236 | D:11     | Noticed a two-headed ogre
  9250 | D:11     | Killed a two-headed ogre
  9331 | D:11     | Noticed a purple ugly thing
  9345 | D:11     | Killed a purple ugly thing
  9411 | D:11     | Found Noufox's Pet Rocks.
  9468 | D:11     | Identified the amulet of Etuf {Reflect rPois Str+7 Dex-5
                  | SH+5}
  9479 | D:11     | Found a staircase to the Lair.
  9752 | D:12     | Noticed a deep elf pyromancer
  9758 | D:12     | Killed a deep elf pyromancer
  9780 | D:12     | Found a frozen archway.
  9922 | IceCv    | Entered an ice cave
 10221 | IceCv    | Reached skill level 1 in Shields
 10455 | IceCv    | Noticed a white draconian
 10474 | IceCv    | HP: 1/54 [white draconian/blast of cold (16)]
 10493 | IceCv    | Killed from afar by a white draconian

Illustrated notes

Levels and vault maps discovered:
D:1:      dpeg_arrival_brainrot, layout_basic,
          shapermc_ecumenical_altar_mp_highgroup
D:2:      layout_basic, basic_altar
D:3:      layout_basic, serial_shops, shop_statue
D:4:      layout_basic, cheibrodos_sewer_entry_drain, serial_shops, shop,
          serial_park_tiny_1
D:5:      layout_gridville
D:6:      layout_basic, serial_shops, nicolae_shop_waterfront
D:7:      layout_basic, amcnicky_altar_gilded, temple_doors_e,
          chequers_serial_rivers_micro_b
D:8:      layout_basic, serial_shops, nicolae_shop_overgrown_old_shop, uniq_grum
D:9:      layout_loops_ring
D:10:     layout_long_grid, serial_shops, nicolae_inconvenience_store,
          lemuel_flame_loot_1
D:11:     layout_roguey, lair_entry_dummy, guppyfry_shop_earth
D:12:     layout_roguey, erik_orc_3, portal_ice_cave_entry_pillars_2,
          kennysheep_donut
Temple:   mainiacjoe_temple_trianglar_array
IceCv:    ice_cave_small_dragons

Skill      XL: |  1  2  3  4  5  6  7  8  9 10 11 |
---------------+----------------------------------+-----
Bows           | 5 6 7 8 10 12 14 16 | 16.0
Dodging        | 3 4 5 6 7 8 10 11 | 11.5
Fighting       | 2 3 4 6 8 |  8.5
Stealth        | 2 3 4 |  4.3
Shields        | 1 |  1.0

Action                   |  1- 3 |  4- 6 |  7- 9 | 10-12 || total
-------------------------+-------+-------+-------+-------++-------
 Fire: Shortbow          |   116 |   142 |   250 |   417 ||   925
Invok: Recall Ancestor   |       |       |       |     7 ||     7
       Ancestor Life: Ba |       |       |       |     1 ||     1
       Ancestor Identity |       |       |       |     1 ||     1
  Use: Scroll            |     9 |     2 |     7 |     7 ||    25
       Potion            |     3 |     4 |       |     4 ||    11
Armor: Robe              |     3 |     3 |     2 |     7 ||    15
Dodge: Dodged            |    36 |    30 |    35 |    64 ||   165
Block: Other             |     2 |    13 |     5 |    11 ||    31
       Reflection        |     1 |     4 |     3 |       ||     8

Table legend: (Time is in decaauts)
 A = Elapsed time spent in this place.
 B = Non-inter-level travel time spent in this place.
 C = Inter-level travel time spent in this place.
 D = Time resting spent in this place.
 E = Time spent auto-exploring this place.
 F = Levels seen in this place.
 G = Mean time per level.
                   A        B        C        D        E       F      G
               +--------+--------+--------+--------+--------+-----+--------+
         Total |   7344 |   7135 |    209 |    134 |   5622 |  15 |  489.6 |
       Dungeon |   6062 |   5867 |    195 |    134 |   4651 |  12 |  505.2 |
        Temple |    255 |    242 |     13 |      0 |    236 |   1 |  255.0 |
         Sewer |    573 |    573 |      0 |      0 |    427 |   1 |  573.0 |
      Ice Cave |    451 |    451 |      0 |      0 |    307 |   1 |  451.0 |
               +--------+--------+--------+--------+--------+-----+--------+

Top non-repeatable levels by time:
    D:10: 761 daAuts
     D:9: 760 daAuts
     D:6: 671 daAuts
     D:1: 616 daAuts
   Sewer: 573 daAuts
     D:7: 537 daAuts
     D:2: 520 daAuts
     D:8: 508 daAuts
   IceCv: 451 daAuts
     D:3: 424 daAuts
    D:11: 361 daAuts
     D:4: 359 daAuts
     D:5: 353 daAuts
  Temple: 255 daAuts
    D:12: 188 daAuts
